 Dungeon Crawl Stone Soup version 0.25.0-46-gbd7b0854d2 (webtiles) character file.

Game seed: 5724602253999777935

1575 Elvor the Quickloader (level 8, -3/71 HPs)
             Began as a Minotaur Hunter on July 16, 2020.
             Slain by an orc warrior
             ... wielding a +0 broad axe
              (11 damage)
             ... on level 5 of the Dungeon.
             The game lasted 00:53:19 (5387 turns).

Elvor the Quickloader (Minotaur Hunter)             Turns: 5387, Time: 00:53:20

Health: -3/71      AC:  5    Str: 19    XL:     8   Next: 60%
Magic:  7/7        EV: 10    Int:  8    God:
Gold:   47         SH:  9    Dex: 11    Spells: 7/7 levels left

rFire    + . .     SeeInvis .   w - +0 war axe
rCold    . . .     Gourm    .   i - +0 kite shield
rNeg     . . .     Faith    .   c - +0 leather armour
rPois    +         Spirit   .   (helmet restricted)
rElec    .         Reflect  .   (no cloak)
rCorr    .         Harm     .   z - +1 pair of gloves
MR       .....                  (no boots)
Stlth    +.........             (no amulet)
HPRegen  0.21/turn              D - ring of poison resistance
MPRegen  0.10/turn              v - ring of protection from fire

@: drained
A: retaliatory headbutt, horns 2
a: no special abilities


You were on level 5 of the Dungeon.
You were not hungry.

You visited 1 branch of the dungeon, and saw 6 of its levels.
You also visited: Sewer.

You collected 312 gold pieces.
You spent 265 gold pieces at shops.

Inventory:

Hand Weapons
 a - a +1 hand crossbow
 b - a +0 short sword
 h - a +2 dagger of venom
 w - a +0 war axe (weapon)
Missiles
 d - 3 bolts
 n - 7 poisoned darts
 B - 7 boomerangs (quivered)
 K - 4 silver javelins
Armour
 c - a +0 leather armour (worn)
 i - a +0 kite shield (worn)
 z - a +1 pair of gloves (worn)
Jewellery
 g - an uncursed ring of wizardry
 s - an uncursed ring of protection from fire
 v - a ring of protection from fire (right hand)
 D - a ring of poison resistance (left hand)
Wands
 O - a wand of clouds (6)
Scrolls
 j - a scroll of brand weapon
 l - 3 scrolls of fog {unknown}
 m - 2 scrolls of amnesia
 o - 3 scrolls of remove curse
 q - a scroll of blinking {unknown}
 r - 2 scrolls of magic mapping
 y - 3 scrolls of noise
 A - 3 scrolls of teleportation
 C - 2 scrolls of random uselessness {unknown}
 E - 2 scrolls of enchant weapon {unknown}
 F - 2 scrolls of fear {unknown}
 M - a scroll of enchant armour {unknown}
Potions
 e - a potion of might {unknown}
 k - a potion of berserk rage {unknown}
 p - 2 potions of haste {unknown}
 t - a potion of mutation {unknown}
 u - a potion of stabbing {unknown}
 x - 3 potions of degeneration {unknown}
 G - 5 potions of flight
 H - a potion of resistance {unknown}
 I - 4 potions of curing
 J - a potion of ambrosia {unknown}
 L - a potion of magic {unknown}
Comestibles
 f - 14 rations
 N - 3 chunks of flesh


   Skills:
 * Level 6.6(5.8) Fighting
 + Level 2.4(1.7) Short Blades
 + Level 0.6(0.0) Axes
 + Level 8.1(7.3) Crossbows
 + Level 2.4(1.7) Throwing
 + Level 3.1(2.4) Armour
 + Level 3.3(2.5) Dodging
 - Level 1.0(0.3) Stealth
 * Level 5.3(4.6) Shields


You had 7 spell levels left.
You didn't know any spells.
Your spell library was empty.

Dungeon Overview and Level Annotations

Branches:
Dungeon (6/15)              Sewer (visited)
 Temple: D:4-7

Altars:
Fedhas
Gozag
Makhleb

Shops:
D:4 =   D:5 ?


Innate Abilities, Weirdness & Mutations

You reflexively headbutt those who attack you in melee.
You have a pair of horns on your head.


Message History

Something hits you but does no damage.
You feel drained.
You climb upwards.
Reactivating autopickup.
There is a stone staircase leading down here.
Your +2 dagger of venom stops dripping with poison.
w - a +0 war axe (weapon)
The orc warrior hits you with a +0 broad axe.
* * * LOW HITPOINT WARNING * * *
You block something's attack.
Deactivating autopickup; reactivate with Ctrl-A.
You barely miss something. Your headbutt misses something.
You hit the orc warrior but do no damage.
The orc warrior hits you with a +0 broad axe!
* * * LOW HITPOINT WARNING * * *
You hear some strange, mumbled words.
Something tries to affect you, but you resist.
The orc warrior barely misses you.
Okay, then.
The orc warrior hits you with a +0 broad axe!
You die...

# #.#...#.###.###.#.# ##
#.#.............#.# .#
#.#).##..##.#####.# .#
#.#..#............# .#
#.#......##.####### .#
#.........#.# .# ###.....#.#.#
.########.....#...#
......).÷.....##@.#
.########.#...##.o###############
........#.#...##[>)........[.....
.######.#.#...################...
.# #.#.##.## #............. .#
###(#.##.# #.#########... .#
##...#.##.# #.# #....
.###≈.≈.#.##.# #.# #....
.##≈≈.≈≈#.##(# #.##########.#


You could see an orc warrior.

Vanquished Creatures
  Sigmund (D:5)
  An ice beast (D:6)
  A phantom (D:4)
  4 ogres
  A bullfrog (D:5)
  2 scorpions
  A crimson imp (D:5)
  2 jellies (D:5)
  4 hounds
  2 orc wizards
  Terence (D:2)
  2 worker ants
  2 iguanas (D:4)
  Robin (D:2)
  3 gnolls (D:3)
  A river rat (D:3)
  10 adders
  5 oozes
  6 worms
  4 dart slugs
  6 leopard geckos
  20 orcs
  7 ball pythons
  6 giant cockroaches
  24 goblins
  10 hobgoblins
  11 jackals
  3 quokkas
  16 bats
  4 frilled lizards
  A jackal zombie (D:5)
  10 kobolds
  A leopard gecko skeleton (D:5)
  9 rats
182 creatures vanquished.

Notes
Turn   | Place    | Note
-------+----------+-------------------------------------------
     0 | D:1      | Elvor the Minotaur Hunter began the quest for the Orb.
     0 | D:1      | Reached XP level 1. HP: 18/18 MP: 0/0
   330 | D:1      | Reached XP level 2. HP: 25/25 MP: 1/1
   411 | D:1      | Reached skill level 5 in Crossbows
   890 | D:2      | Reached XP level 3. HP: 29/30 MP: 2/2
  1033 | D:2      | Found a burning altar of Makhleb.
  1033 | D:2      | Found an opulent altar of Gozag.
  1034 | D:2      | Found a blossoming altar of Fedhas.
  1294 | D:2      | Reached XP level 4. HP: 30/38 MP: 3/3
  1303 | D:2      | Noticed Robin
  1344 | D:2      | Killed Robin
  1473 | D:2      | Noticed Terence
  1475 | D:2      | Killed Terence
  1475 | D:2      | Reached skill level 6 in Crossbows
  1681 | D:3      | Reached XP level 5. HP: 46/46 MP: 4/4
  1709 | D:3      | Reached skill level 1 in Shields
  2096 | D:3      | Reached skill level 1 in Armour
  2181 | D:3      | Reached XP level 6. HP: 23/52 MP: 5/5
  2265 | D:3      | Found a glowing drain.
  2269 | Sewer    | Entered a sewer
  2280 | Sewer    | Reached skill level 1 in Short Blades
  3187 | D:4      | Reached skill level 7 in Crossbows
  3339 | D:4      | Reached XP level 7. HP: 60/60 MP: 6/6
  3567 | D:4      | Reached skill level 5 in Fighting
  3827 | D:4      | Found Xegunoiz's Jewellery Emporium.
  4138 | D:5      | Entered Level 5 of the Dungeon
  4408 | D:5      | Noticed Sigmund
  4417 | D:5      | Killed Sigmund
  4417 | D:5      | Reached skill level 8 in Crossbows
  4417 | D:5      | Reached skill level 1 in Throwing
  4417 | D:5      | Reached XP level 8. HP: 62/70 MP: 7/7
  4510 | D:5      | Found Agoratel's Magic Scroll Shoppe.
  4540 | D:5      | Bought a scroll of remove curse for 30 gold pieces
  4540 | D:5      | Bought a scroll of brand weapon for 200 gold pieces
  4540 | D:5      | Bought a scroll of magic mapping for 35 gold pieces
  4742 | D:5      | Reached skill level 5 in Shields
  5356 | D:6      | Reached skill level 1 in Stealth
  5387 | D:5      | Slain by an orc warrior

Illustrated notes

Levels and vault maps discovered:
D:1:      onia_arrival_handbag, layout_loops_corners
D:2:      layout_basic, gammafunk_temple_overflow_claw, first_ration,
          minmay_indecisive_spiral, uniq_terence, uniq_robin
D:3:      layout_loops_cross, gup_sewer_entry_spiral
D:4:      corexii_shack_village, layout_basic, serial_shops, shop
D:5:      layout_basic, serial_shops, nicolae_shop_waterfront, uniq_sigmund
D:6:      layout_basic, minmay_temple_entry_arrows, serial_shops, shop, shop,
          nicolae_shop_crystal, kennysheep_generic_room_13, uniq_edmund

Skill      XL: |  1  2  3  4  5  6  7  8 |
---------------+-------------------------+-----
Crossbows      | 5 6 7 8 |  8.1
Fighting       | 3 4 6 |  6.6
Shields        | 2 3 4 5 |  5.3
Armour         | 1 2 3 |  3.1
Short Blades   | 1 2 |  2.4
Throwing       | 1 2 |  2.4
Dodging        | 3 |  3.3
Stealth        | 1 |  1.0
Axes           | |  0.6

Action                   |  1- 3 |  4- 6 |  7- 9 || total
-------------------------+-------+-------+-------++-------
Melee: Short sword       |    12 |    13 |       ||    25
       Headbutt          |     3 |    17 |    26 ||    46
       Dagger            |       |    83 |   130 ||   213
       War axe           |       |     7 |    14 ||    21
 Fire: Hand crossbow     |    83 |   146 |    38 ||   267
Throw: Dart              |     6 |     3 |    58 ||    67
       Boomerang         |       |       |     5 ||     5
  Use: Potion            |     1 |     2 |       ||     3
       Scroll            |       |     4 |     1 ||     5
  Eat: Chunk             |     1 |     7 |     7 ||    15
Armor: Leather armour    |    12 |    33 |    28 ||    73
Dodge: Dodged            |    16 |    57 |    59 ||   132
Block: Kite shield       |    14 |    46 |    69 ||   129
